 Dungeon Crawl Stone Soup version 0.31-a0-150-g89dc3ad700 (webtiles) character file.

Game seed: 12736608368104239874

809 qw the Skirmisher (level 7, -7/54 HPs)
             Began as a Minotaur Hunter on June 8, 2023.
             Mangled by Edmund
             ... wielding a +1 heavy flail
              (15 damage)
             ... on level 6 of the Dungeon.
             The game lasted 00:01:22 (4188 turns).

qw the Skirmisher (Minotaur Hunter)                 Turns: 4188, Time: 00:01:23

Health: -7/54      AC: 10    Str: 14    XL:     7   Next: 61%
Magic:  6/6        EV: 13    Int:  5    God:
Gold:   327        SH:  0    Dex: 20    Spells: 6/6 levels left

rFire   . . .        Y - +0 orcbow
rCold   + . .        (shield currently unavailable)
rNeg    . . .        f - +2 leather armour {rC+}
rPois   .            (helmet restricted)
rElec   .            (no cloak)
rCorr   .            (no gloves)
SInv    .            c - +0 pair of boots
Will    .....        (no amulet)
Stlth   ++           l - +4 ring of protection
HPRegen 0.29/turn    (no ring)
MPRegen 0.10/turn

%: no passive effects
@: no status effects
A: horns 2, retaliatory headbutt, agile 1, frail 1, no potion heal 1
a: no special abilities


You were on level 6 of the Dungeon.
You visited 2 branches of the dungeon, and saw 7 of its levels.

You collected 327 gold pieces.


Innate Abilities, Weirdness & Mutations

You have a pair of horns on your head.
You reflexively headbutt those who attack you in melee.
You are agile. (Dex +4, Str/Int -1)
You are frail. (-10% HP)
Potions are less effective at restoring your health.


   Skills:
 - Level 5.2 Fighting
 + Level 8.6 Ranged Weapons
 - Level 2.2 Armour
 - Level 3.7 Dodging
 - Level 0.7 Stealth


You had 6 spell levels left.
You didn't know any spells.
Your spell library was empty.

Inventory:

Hand Weapons
 Y - a +0 orcbow (weapon)
Armour
 c - a +0 pair of boots (worn)
 f - a +2 leather armour of cold resistance (worn)
Jewellery
 l - a +4 ring of protection (left hand)
Scrolls
 j - a scroll of identify
Potions
 a - a potion of resistance
 e - 2 potions of curing
 h - a potion of heal wounds {unknown}
 i - a potion of haste {unknown}

Dungeon Overview and Level Annotations

Branches:
Dungeon (6/15)             Temple (1/1) D:5

Altars:
Dithmenos
Elyvilon
Gozag
Hepliaklqana
Kikubaaqudgha
Makhleb
Nemelex Xobeh
Qazlal
Ru
Sif Muna
Trog
Uskayaw
Wu Jian
Xom
Yredelemnul
Zin

Annotations:
D:3 1 runed translucent door, Crazy Yiuf
D:6 Edmund


Message History

The centaur shoots an arrow.
The arrow hits you.
You shoot an arrow. The arrow hits the centaur.
The centaur is almost dead.
The centaur unwields a +0 orcbow.
The centaur hits you. The centaur misses you.
You shoot an arrow. The arrow hits the centaur!
You kill the centaur!
Edmund asks, "Have you met my wondrous brother?"
The ogre closely misses you.
Your Fighting skill increases to level 5!
You shoot an arrow. The arrow hits the ogre!
The ogre is heavily wounded.
You shoot an arrow. The arrow barely misses the ogre.
The ogre closely misses you. Edmund hits you with a +1 heavy flail.
You shoot an arrow. The arrow barely misses the ogre.
The ogre hits you with a +0 giant club!!
You shoot an arrow. The arrow hits the ogre!
The ogre is almost dead.
Edmund hits you with a +1 heavy flail.
You shoot an arrow. The arrow barely misses the ogre.
The ogre closely misses you. Edmund closely misses you.
You shoot an arrow. The arrow hits the ogre!
You kill the ogre!
Edmund closely misses you.
You shoot an arrow. The arrow closely misses Edmund.
You shoot an arrow. The arrow hits Edmund!
Edmund is moderately wounded.
Edmund barely misses you.
You shoot an arrow. The arrow hits Edmund!
Edmund is heavily wounded.
Edmund closely misses you.
You shoot an arrow. The arrow hits Edmund!
Edmund is almost dead.
Edmund misses you.
You shoot an arrow.
The arrow hits Edmund but does no damage.
Edmund is almost dead.
You shoot an arrow. The arrow hits Edmund.
Edmund is almost dead.
Edmund hits you with a +1 heavy flail!
You die...

.... .......
.... ....<..
..... ......#
.....###......#
............#
...#..$.......#
......)@......#
#@# #.# #?# #.#
#.# #.# #.# #.#
####.###


You could see Edmund.

Vanquished Creatures
  A black bear (D:5)
  An ogre (D:6)
  2 centaurs
  A scorpion (D:5)
  2 vampire bats (D:4)
  A howler monkey (D:4)
  2 orc priests (D:5)
  Jessica (D:3)
  An iguana (D:5)
  2 orc wizards (D:5)
  3 adders
  4 ufetubi
  3 worms
  2 dart slugs
  16 orcs
  4 bat skeletons (D:4)
  9 endoplasms
  4 giant cockroaches
  3 goblins
  4 hobgoblins
  3 quokkas
  4 ball pythons
  5 bats
  A frilled lizard (D:2)
  4 kobolds
  5 rats
88 creatures vanquished.

Notes
Turn   | Place    | Note
-------+----------+-------------------------------------------
     0 | D:1      | qw the Minotaur Hunter began the quest for the Orb.
     0 | D:1      | Reached XP level 1. HP: 18/18 MP: 0/0
     0 | D:1      | 0 ||| qw: Version: 0.2-a-119-g7aa9181
     0 | D:1      | 0 ||| qw: Game counter: 2825
     0 | D:1      | 0 ||| qw: Always use a shield: true
     0 | D:1      | 0 ||| qw: God list: Okawaru
     0 | D:1      | 0 ||| qw: Allow faded altars: false
     0 | D:1      | 0 ||| qw: Do Orc after D:15 true
     0 | D:1      | 0 ||| qw: Do second Lair branch before Depths: true
     0 | D:1      | 0 ||| qw: Lair rune preference: random
     0 | D:1      | 0 ||| qw: Plans: Normal
     0 | D:1      | 0 ||| PLANNING D:1-11
    95 | D:1      | Reached XP level 2. HP: 25/25 MP: 1/1
   111 | D:1      | Reached skill level 5 in Ranged Weapons
   292 | D:1      | Reached skill level 3 in Fighting
   525 | D:1      | 525 ||| READING scroll labelled TUAREE WASILURR.
   526 | D:1      | 526 ||| DROPPING scroll of butterflies.
   605 | D:2      | 605 ||| SWAPPING to +0 orcbow.
   607 | D:2      | 607 ||| DROPPING +0 shortbow.
   618 | D:2      | Reached XP level 3. HP: 31/31 MP: 2/2
   848 | D:2      | 848 ||| DROPPING ring of flight.
   849 | D:2      | 849 ||| READING scroll labelled NUIC JASEAXTUN.
   850 | D:2      | 850 ||| DRINKING 2 bubbling cyan potions.
  1037 | D:3      | 1037 ||| Stepping ~*~*~tactically~*~*~ (outnumbered).
  1232 | D:3      | Found a runed translucent door.
  1233 | D:3      | Noticed Crazy Yiuf
  1356 | D:3      | Found a shimmering blue altar of Sif Muna.
  1455 | D:3      | Found a faded altar of an unknown god.
  1455 | D:3      | Noticed a hellion
  1524 | D:3      | Found an opulent altar of Gozag.
  1532 | D:3      | Noticed Jessica
  1535 | D:3      | Killed Jessica
  1536 | D:3      | Reached skill level 6 in Ranged Weapons
  1536 | D:3      | Reached XP level 4. HP: 38/38 MP: 3/3
  1966 | D:3      | 1966 ||| UPGRADING to +0 ring mail.
  1976 | D:3      | 1976 ||| DROPPING +0 leather armour.
  1977 | D:3      | 1977 ||| READING scroll labelled TUDWIPH PIBIU.
  1978 | D:3      | 1978 ||| DRINKING 2 lumpy ruby potions.
  1978 | D:3      | Gained mutation: You sometimes lose your temper in combat.
                  | [potion of mutation]
  1978 | D:3      | Gained mutation: You are robust. (+10% HP) [potion of
                  | mutation]
  1990 | D:3      | 1990 ||| DRINKING potion of mutation.
  1990 | D:3      | Lost mutation: You are robust. (+10% HP) [potion of
                  | mutation]
  1990 | D:3      | Lost mutation: You sometimes lose your temper in combat.
                  | [potion of mutation]
  1990 | D:3      | Gained mutation: Potions are less effective at restoring
                  | your health. [potion of mutation]
  1990 | D:3      | Gained mutation: You are frail. (-10% HP) [potion of
                  | mutation]
  1990 | D:3      | Gained mutation: You are agile. (Dex +4, Str/Int -1)
                  | [potion of mutation]
  2251 | D:4      | Reached XP level 5. HP: 40/40 MP: 4/4
  2416 | D:4      | Found an ancient bone altar of Kikubaaqudgha.
  2875 | D:4      | 2875 ||| UPGRADING to +0 pair of boots.
  2880 | D:4      | 2880 ||| UPGRADING to +2 leather armour of cold resistance.
  2890 | D:4      | 2890 ||| DROPPING +0 ring mail.
  2891 | D:4      | 2891 ||| READING 2 scrolls labelled JOIJIA APRAUCW.
  2892 | D:4      | 2892 ||| DROPPING scroll of blinking.
  2906 | D:5      | Entered Level 5 of the Dungeon
  2968 | D:5      | Reached XP level 6. HP: 47/47 MP: 5/5
  3001 | D:5      | Reached skill level 3 in Dodging
  3081 | D:5      | 3081 ||| READING scroll labelled KAEGEPT TEDOPLA.
  3095 | D:5      | Reached skill level 7 in Ranged Weapons
  3291 | D:5      | Reached XP level 7. HP: 40/54 MP: 6/6
  3529 | D:5      | Found a staircase to the Ecumenical Temple.
  3530 | D:5      | 3530 ||| PLANNING TEMPLE
  3530 | D:5      | 3530 ||| UPGRADING to +4 ring of protection.
  3531 | D:5      | 3531 ||| READING scroll labelled YCUMUUSMUD.
  3532 | D:5      | 3532 ||| DRINKING 2 murky inky potions.
  3533 | D:5      | 3533 ||| READING 4 scrolls of identify.
  3533 | D:5      | 3533 ||| IDENTIFYING bubbling emerald potion
  3534 | D:5      | 3534 ||| READING 3 scrolls of identify.
  3534 | D:5      | 3534 ||| IDENTIFYING amethyst potion
  3535 | D:5      | 3535 ||| READING 2 scrolls of identify.
  3535 | D:5      | 3535 ||| IDENTIFYING cyan potion
  3536 | D:5      | 3536 ||| DROPPING potion of lignification.
  3537 | D:5      | 3537 ||| DROPPING potion of enlightenment.
  3538 | D:5      | 3538 ||| DROPPING potion of attraction.
  3545 | Temple   | Entered the Ecumenical Temple
  3675 | Temple   | 3675 ||| PLANNING D:1-11
  3719 | D:5      | Reached skill level 8 in Ranged Weapons
  4066 | D:5      | 4066 ||| READING scroll labelled COSECZ CELADD.
  4068 | D:5      | 4068 ||| Stepping ~*~*~tactically~*~*~ (cloud).
  4173 | D:6      | Noticed Edmund
  4179 | D:6      | HP: 10/54 [ogre/+0 giant club (25)]
  4188 | D:6      | Mangled by Edmund

Levels and vault maps discovered:
D:1:      nzn_arrival_settlement, layout_rooms, minivault_25
D:2:      layout_basic
D:3:      layout_loops_corners, lemuel_crystal_altar, overflow_temple_1_default,
          dreamdust_ecumenical_altar_sealed_demon, uniq_crazy_yiuf_cottage,
          uniq_jessica
D:4:      layout_basic, kennysheep_vampire_church
D:5:      layout_basic, minmay_temple_entry_grid, minmay_quadrilaterals
D:6:      layout_basic, minmay_three_doors, uniq_edmund, uniq_pikel
Temple:   hellmonk_temple_forest_ring

Skill      XL: |  1  2  3  4  5  6  7 |
---------------+----------------------+-----
Ranged Weapons | 5 6 7 8 |  8.6
Fighting       | 3 4 5 |  5.2
Armour         | 2 |  2.2
Dodging        | 3 |  3.7
Stealth        | |  0.7

Action                     |  1- 3 |  4- 6 |  7- 9 || total
---------------------------+-------+-------+-------++-------
   Fire: Shortbow          |    58 |       |       ||    58
         Orcbow            |    28 |   122 |    60 ||   210
    Use: Scroll            |     2 |     3 |     5 ||    10
         Potion            |     1 |     2 |     1 ||     4
 Armour: Leather armour    |     4 |    21 |     3 ||    28
         Ring mail         |       |    11 |       ||    11
  Dodge: Dodged            |     9 |    60 |    22 ||    91

Table legend:
 A = Non-vault XP
 B = Vault XP
 C = Vault XP percentage of total XP
 D = Non-vault monster count
 E = Vault monster count
 F = Vault count percentage of total count
                 A         B        C        D         E       F
            +---------+---------+-------+---------+---------+-------
      Total |     836 |     321 |  27.7 |      77 |      11 |  12.5
            +---------+---------+-------+---------+---------+-------
        D:1 |      31 |       0 |   0.0 |      18 |       0 |   0.0
        D:2 |      18 |       0 |   0.0 |       8 |       0 |   0.0
        D:3 |      38 |      37 |  49.3 |      14 |       1 |   6.7
        D:4 |      98 |     120 |  55.0 |      15 |       6 |  28.6
        D:5 |     425 |     164 |  27.8 |      20 |       4 |  16.7
        D:6 |     226 |       0 |   0.0 |       2 |       0 |   0.0
            +---------+---------+-------+---------+---------+-------
